 Dungeon Crawl Stone Soup version 0.28-a0-851-g8b9cc49659 (webtiles) character file.

Game seed: 7574719138182145069

192 blank1 the Magician (level 6, -7/46 HPs)
             Began as a Djinni Ice Elementalist on Nov 14, 2021.
             Mangled by a hornet zombie (11 damage)
             ... on level 4 of the Dungeon.
             The game lasted 00:12:28 (3650 turns).

blank1 the Magician (Djinni Ice Elementalist)       Turns: 3650, Time: 00:12:28

Health: -7/46      AC:  8    Str:  7    XL:     6   Next: 2%
Gold:   115        EV: 13    Int: 18    God:
                   SH:  0    Dex: 14

rFire   + + .      SeeInvis .   h - +0 dagger
rCold   x . .      Faith    .   (no shield)
rNeg    . . .      Spirit   .   a - +0 robe
rPois   ∞          Reflect  .   (no helmet)
rElec   .          Harm     .   (no cloak)
rCorr   .          Rampage  .   (no gloves)
Will    .....                   (boots unavailable)
Stlth   +.........              (no amulet)
HPRegen 0.15/turn               (no ring)
MPRegen 0.00/turn               (no ring)

@: ice-armoured, silenced, flying
A: sickness immunity, fire resistance 2, cold vulnerability 1, float, innate
caster, hp casting, extra vitality 1
a: no special abilities


You were on level 4 of the Dungeon.
You visited 1 branch of the dungeon, and saw 4 of its levels.

You collected 115 gold pieces.

Inventory:

Hand Weapons
 f - a +0 whip
 h - a +0 dagger (weapon)
Missiles
 n - 13 poisoned darts
Armour
 a - a +0 robe (worn)
Jewellery
 j - a ring of fire
Scrolls
 d - 2 scrolls of holy word {unknown}
 i - a scroll of enchant armour {unknown}
 k - 2 scrolls of teleportation {unknown}
 o - a scroll of blinking {unknown}
Potions
 c - a potion of curing
 e - a potion of heal wounds
 g - a potion of lignification
 l - a potion of invisibility {unknown}
 m - a potion of brilliance {unknown}


   Skills:
 + Level 3.2 Fighting
 - Level 1.0 Armour
 + Level 3.2 Dodging
 - Level 2.0 Stealth
 - Level 4.0 Spellcasting


You couldn't memorise any spells.
You knew the following spells:

 Your Spells              Type           Power      Damage    Failure   Level
a - Freeze                Ice            72%        1d9       2%          1
b - Frozen Ramparts       Ice            36%        1d5       9%          3
c - Ozocubu's Armour      Ice            18%        N/A       9%          3
d - Hailstorm             Conj/Ice       18%        3d6       28%         4
e - Animate Skeleton      Necr           36%        N/A       2%          1
f - Searing Ray           Conj           36%        2d5       4%          2
Your spell library was empty.

Dungeon Overview and Level Annotations

Branches:
Dungeon (4/15)
 Temple: D:4-7

Altars:


Innate Abilities, Weirdness & Mutations

You are immune to sickness and miasma.
You are immune to poison.
Your flesh is very heat resistant. (rF++)
You are vulnerable to cold. (rC-)
You float through the air rather than walking.
You learn spells naturally, not from books.
Your magical power is your life essence.
You have superior vitality. (+4 HP)


Message History

* * * LOW HITPOINT WARNING * * *
The hornet zombie barely misses you. The hornet zombie misses you.
Casting: Freeze (safe; 2% risk of failure)
Confirm with . or Enter, or press ? or * to list all spells.
Aiming: Freeze (safe; 2% risk of failure)
Press: ? - help, Shift-Dir - straight line, f/p - hornet zombie
Aim: a hornet zombie (heavily damaged)
You freeze the hornet zombie but do no damage.
The hornet zombie completely resists.
* * * LOW HITPOINT WARNING * * *
The hornet zombie barely misses you.
Casting: Freeze (safe; 2% risk of failure)
Confirm with . or Enter, or press ? or * to list all spells.
Aiming: Freeze (safe; 2% risk of failure)
Press: ? - help, Shift-Dir - straight line, f/p - hornet zombie
Aim: a hornet zombie (heavily damaged)
You freeze the hornet zombie but do no damage.
The hornet zombie completely resists.
* * * LOW HITPOINT WARNING * * *
The hornet zombie hits you but does no damage.
You hit the hornet zombie but do no damage.
The hornet zombie is heavily damaged.
The hornet zombie hits you.
* * * LOW HITPOINT WARNING * * *
The hornet zombie hits you!
* * * LOW HITPOINT WARNING * * *
Unknown command.
As you read the scroll labelled CIMMUCVYEFU, it crumbles to dust.
A profound silence engulfs you.
It was a scroll of silence.
The hornet zombie closely misses you.
Magic scrolls do not work when you're silenced!
Your icy armour will break if you move.
Continue?
Okay, then.
You barely miss the hornet zombie.
The hornet zombie is heavily damaged.
The hornet zombie hits you but does no damage.
You hit the hornet zombie.
The hornet zombie is heavily damaged.
The hornet zombie hits you!
You die...

#.##..........
##.##..........
#...#..........
#...#..........
#......##......
#...##.# .....
#...##.# ....
#...##.# ...
#..@##.. ..
####Z...... .
....... .......
....... .......
....... .......


You could see a hornet zombie.

Vanquished Creatures
  A scorpion (D:2)
  A water moccasin skeleton (D:4)
  4 adders
  A dart slug (D:3)
  2 orcs
  5 ball pythons
  3 endoplasms
  A giant cockroach (D:1)
  3 goblins
  3 hobgoblins
  5 kobolds
  2 quokkas (D:1)
  5 bats
  5 frilled lizards
  6 rats
47 creatures vanquished.

Notes
Turn   | Place    | Note
-------+----------+-------------------------------------------
     0 | D:1      | blank1 the Djinni Ice Elementalist began the quest for the
                  | Orb.
     0 | D:1      | Reached XP level 1. HP: 15/15 MP: 0/0
   198 | D:1      | Reached XP level 2. HP: 20/22 MP: 0/0
   408 | D:1      | Found a faded altar of an unknown god.
   675 | D:1      | Reached skill level 1 in Fighting
   692 | D:1      | Reached XP level 3. HP: 22/27 MP: 0/0
   692 | D:1      | Learned a level 1 spell: Animate Skeleton
  1424 | D:2      | Noticed a scorpion
  1433 | D:2      | Killed a scorpion
  1434 | D:2      | Reached XP level 4. HP: 4/33 MP: 0/0
  1822 | D:2      | Reached XP level 5. HP: 37/38 MP: 0/0
  1822 | D:2      | Learned a level 2 spell: Searing Ray
  2179 | D:3      | Reached skill level 4 in Spellcasting
  2670 | D:3      | Reached skill level 1 in Armour
  3635 | D:4      | Reached XP level 6. HP: 36/46 MP: 0/0
  3650 | D:4      | Mangled by a hornet zombie

Illustrated notes

Levels and vault maps discovered:
D:1:      matt_arrival_refuge, layout_basic,
          hellmonk_ecumenical_altar_arch_garden
D:2:      layout_basic, serial_aquarium, aquarium_bridge_square
          [aquarium_subvault_window, aquarium_subvault_wall,
          aquarium_subvault_bridge, aquarium_subvault_bridge],
          aquarium_bridge_straight [aquarium_subvault_bridge,
          aquarium_subvault_window, aquarium_subvault_bridge,
          aquarium_subvault_window], aquarium_window_1, aquarium_window_1,
          aquarium_window_fake, aquarium_window_1, aquarium_view_2d,
          aquarium_view_2e, aquarium_balcony_5b, aquarium_pool_corner
D:3:      layout_rooms, serial_curves, eino_curves_02, eino_curves_04,
          minmay_misc_feat_alley, grunt_ministairs_13
D:4:      layout_basic

Skill      XL: |  1  2  3  4  5 |
---------------+----------------+-----
Fighting       | 1 2 3 |  3.2
Stealth        | 2 |  2.0
Dodging        | 3 |  3.2
Spellcasting   | 4 |  4.0
Armour         | 1 |  1.0

Action                   |  1- 3 |  4- 6 || total
-------------------------+-------+-------++-------
Melee: Whip              |     3 |       ||     3
       Dagger            |       |     9 ||     9
 Cast: Freeze            |    43 |    32 ||    75
       Frozen Ramparts   |     1 |     2 ||     3
       Animate Skeleton  |     1 |       ||     1
       Searing Ray       |       |     9 ||     9
       Ozocubu's Armour  |       |     2 ||     2
  Use: Scroll            |       |     4 ||     4
Armor: Robe              |     8 |     7 ||    15
Dodge: Dodged            |    26 |    32 ||    58

Table legend: (Time is in decaauts)
 A = Elapsed time spent in this place.
 B = Non-inter-level travel time spent in this place.
 C = Inter-level travel time spent in this place.
 D = Time resting spent in this place.
 E = Time spent auto-exploring this place.
 F = Levels seen in this place.
 G = Mean time per level.
                   A        B        C        D        E       F      G
               +--------+--------+--------+--------+--------+-----+--------+
         Total |   3649 |   3516 |    133 |    841 |   2034 |   4 |  912.2 |
       Dungeon |   3649 |   3516 |    133 |    841 |   2034 |   4 |  912.2 |
               +--------+--------+--------+--------+--------+-----+--------+

Top non-repeatable levels by time:
     D:2: 1223 daAuts
     D:1: 919 daAuts
     D:3: 908 daAuts
     D:4: 597 daAuts
